 Dungeon Crawl Stone Soup version 0.30.0-5-g1a98f26d00 (webtiles) character file.

Game seed: 4986731200868281648

15 jasper the Chopper (level 2, 24/24 HPs)
             Began as a Demonspawn Berserker on May 11, 2023.
             Was a Follower of Trog.
             Quit the game on level 1 of the Dungeon.
             The game lasted 00:00:57 (473 turns).

jasper the Chopper (Demonspawn Berserker)            Turns: 473, Time: 00:00:58

Health: 24/24      AC:  6    Str: 17    XL:     2   Next: 34%
Magic:  2/2        EV: 12    Int:  8    God:    Trog [*.....]
Gold:   54         SH:  0    Dex: 12    Spells: 1/1 levels left

rFire   . . .        a - +0 hand axe
rCold   . . .        (no shield)
rNeg    . . .        b - +0 animal skin
rPois   .            (no helmet)
rElec   .            (no cloak)
rCorr   .            (no gloves)
SInv    .            (no boots)
Will    .....        (no amulet)
Stlth   +            h - +4 ring of protection
HPRegen 0.24/turn    (no ring)
MPRegen 0.08/turn

%: no passive effects
@: no status effects
A: weakness stinger 1
a: Renounce Religion, Berserk


You were on level 1 of the Dungeon.
You worshipped Trog.
Trog was aware of your devotion.
You visited 1 branch of the dungeon, and saw 1 of its levels.

You collected 54 gold pieces.

Inventory:

Hand Weapons
 a - a +0 hand axe (weapon)
Missiles
 d - 4 poisoned darts (quivered)
 l - 4 stones
Armour
 b - a +0 animal skin (worn)
Jewellery
 h - a +4 ring of protection (left hand)
Scrolls
 c - 3 scrolls of teleportation {unknown}
 i - a scroll of identify {unknown}
 k - a scroll of vulnerability {unknown}
Potions
 e - a potion of berserk rage {unknown}
 f - a potion of heal wounds {unknown}
 g - a potion of curing {unknown}
 j - a potion of ambrosia {unknown}


   Skills:
 - Level 3.0 Fighting
 + Level 3.4 Axes
 - Level 1.7 Armour
 - Level 1.7 Dodging


You had one spell level left.
You didn't know any spells.
Your spell library was empty.

Dungeon Overview and Level Annotations

Branches:
Dungeon (1/15)

Altars:


Innate Abilities, Weirdness & Mutations

You have a small tail.


Message History

Found 4 stones.
There is an open door here.
As you open the door, it creaks loudly!
A giant cockroach comes into view.
A giant cockroach is nearby!
You throw a poisoned dart.
The poisoned dart completely misses the giant cockroach.
You hit the giant cockroach but do no damage.
Your punch misses the giant cockroach. The giant cockroach bites you.
You take 1 damage, and have 23/24 hp.
You closely miss the giant cockroach. The giant cockroach misses you.
The giant cockroach completely misses you.
You hit the giant cockroach but do no damage.
You tail-slap the giant cockroach, but do no damage.
The giant cockroach bites you but does no damage.
Health restored: 24 You hit the giant cockroach.
You kill the giant cockroach!
Trog accepts your kill.
You see here 4 stones.
l - 4 stones
There is an open door here.
d - 4 poisoned darts (gained 1)
A rat comes into view.
A rat is nearby!
You throw a poisoned dart.
The poisoned dart barely misses the rat.
You slash the rat!
You kill the rat!
Trog accepts your kill.
You see here a rat corpse.
d - 4 poisoned darts (gained 1)
You now have 54 gold pieces (gained 19).
An endoplasm comes into view.
The endoplasm quivers.
An endoplasm is nearby!
You slash the endoplasm!
You kill the endoplasm!
Trog accepts your kill.
Are you sure you want to abandon this character and quit the game? (Confirm with "yes".)

#........#####..
#.######.# #... #.#
#.# ##.. #.#
##.#####.. #.#
#......... #.#
##.#####.. ###.#
#.##..... #...#
#.#####.. #@###
##.#####..
#..................
############.####..
..........
###.####.. #.####..
#......† #.####..
###


There were no monsters in sight!

Vanquished Creatures
  A ball python (D:1)
  A bat (D:1)
  2 endoplasms (D:1)
  2 giant cockroaches (D:1)
  2 goblins (D:1)
  A quokka (D:1)
  A kobold (D:1)
  3 rats (D:1)
13 creatures vanquished.

Notes
Turn   | Place    | Note
-------+----------+-------------------------------------------
     0 | D:1      | jasper the Demonspawn Berserker began the quest for the
                  | Orb.
     0 | D:1      | Reached XP level 1. HP: 18/18 MP: 1/1
   108 | D:1      | Gained mutation: You have a small tail. [demonic ancestry]
   108 | D:1      | Reached XP level 2. HP: 23/24 MP: 2/2
   473 | D:1      | Quit the game

Illustrated notes

Levels and vault maps discovered:
D:1:      lightli_arrival_maybe_door_vault, layout_basic

Skill      XL: |  1 |
---------------+----+-----
Axes           | 3 |  3.4
Fighting       | |  3.0
Armour         | |  1.7
Dodging        | |  1.7

Action                     || total
---------------------------++-------
  Melee: Hand axe          ||    28
         Tailslap          ||     1
  Throw: Dart              ||     3
 Armour: Animal skin       ||     9
  Dodge: Dodged            ||    22
